 Dungeon Crawl Stone Soup version 0.31-a0-355-g57cb03d3e8 (webtiles) character file.

Game seed: 15167035754750594731

339782 vineage the Slayer (level 21, -23/214 HPs)
             Began as a Minotaur Fighter on July 24, 2023.
             Was the Champion of Okawaru.
             Killed from afar by an ironbound thunderhulk (56 damage)
             ... with a bolt of lightning
             ... on level 3 of the Vaults.
             The game lasted 01:00:48 (40009 turns).

vineage the Slayer (Minotaur Fighter)              Turns: 40009, Time: 01:00:48

Health: -23/214    AC: 41    Str: 40    XL:     21   Next: 5%
Magic:  18/23      EV: 21    Int:  9    God:    Okawaru [******]
Gold:   4325       SH:  0    Dex: 20    Spells: 20/20 levels left

rFire   + + .        Y - +4 broad axe (venom)
rCold   + + .        M - +0 kite shield of Dogma {rPois Str+4 Dex+3}
rNeg    . . .        y - +7 gold dragon scales of Benevolence {rPois rF+ rC+ Str+2 Dex+5}
rPois   +            W - +2 hat {Stlth+}
rElec   .            Z - scarf {rC+ rF+}
rCorr   +            U - +0 pair of gloves
SInv    .            J - +2 pair of boots {rampage}
Will    +....        c - amulet of Xom's Sleight of Hands {rC+ Regen+} Stlth
                     C - ring of Gulosuyb {Str+6 Dex+3}
HPRegen 1.35/turn    m - ring of the Tarantula {+Blink rCorr Int+6 Dex-5 Slay+5}
MPRegen 0.18/turn

%: rampage
@: confused, heroic
A: horns 2, retaliatory headbutt, dopey 1, screaming 1, cold vulnerability 1
}: 2/15 runes: decaying, serpentine
a: Renounce Religion, Evoke Blink, Heroism, Finesse, Duel


You were on level 3 of the Vaults.
You worshipped Okawaru.
Okawaru was exalted by your worship.
You visited 8 branches of the dungeon, and saw 37 of its levels.
You visited the Abyss 3 times.
You visited 1 bazaar.
You also visited: Sewer.

You collected 5702 gold pieces.
You spent 1377 gold pieces at shops.

Inventory:

Hand Weapons
 a - a +1 war axe
 Q - a +3 broad axe of protection
 Y - a +4 broad axe of venom (weapon)
Missiles
 R - 2 throwing nets
Armour
 y - the +7 gold dragon scales of Benevolence (worn) {rPois rF+ rC+ Str+2 Dex+5}
   (Okawaru gifted it to you on level 1 of the Vaults)

   Str:       It affects your strength (+2).
   Dex:       It affects your dexterity (+5).
   rF:        It protects you from fire.
   rC:        It protects you from cold.
   rPois:     It protects you from poison.
 J - a +2 pair of boots of rampaging (worn)
 M - the +0 kite shield of Dogma (worn) {rPois Str+4 Dex+3}
   (Okawaru gifted it to you on level 4 of the Lair of Beasts)

   Str:       It affects your strength (+4).
   Dex:       It affects your dexterity (+3).
   rPois:     It protects you from poison.
 U - a +0 pair of gloves (worn)
 W - a +2 hat of stealth (worn)
 Z - a scarf of resistance (worn)
Jewellery
 b - a ring of protection from cold
 c - the amulet of Xom's Sleight of Hands (around neck) {rC+ Regen+}
   (You took it off a deep elf demonologist on level 3 of the Elven Halls)

   [amulet of regeneration]

   rC:        It protects you from cold.
   Regen:     It increases your rate of health regeneration.
 h - the ring of Meowaex {+Blink Fly Str+4 SInv}
   (You found it on level 1 of the Vaults)

   [ring of flight]

   Str:       It affects your strength (+4).
   SInv:      It lets you see invisible.
   Fly:       It grants you flight.
   +Blink:    It lets you blink.
 j - a +6 ring of dexterity
 m - the ring of the Tarantula (right hand) {+Blink rCorr Int+6 Dex-5 Slay+5}
   (You took it off a deep elf archer on level 3 of the Elven Halls)

   [ring of intelligence]

   Int:       It affects your intelligence (+6).
   Dex:       It affects your dexterity (-5).
   Slay:      It affects your accuracy & damage with ranged weapons and melee
   (+5).
   +Blink:    It lets you blink.
   rCorr:     It protects you from acid and corrosion.
 r - a +6 ring of strength
 t - a +5 ring of evasion
 C - the ring of Gulosuyb (left hand) {Str+6 Dex+3}
   (You found it on level 2 of the Swamp)

   [ring of strength]

   Str:       It affects your strength (+6).
   Dex:       It affects your dexterity (+3).
 D - an amulet of magic regeneration
 F - a ring of willpower
 O - an amulet of reflection
 S - a ring of see invisible
 V - a ring of resist corrosion
Wands
 l - a wand of roots (12)
 o - a wand of quicksilver (8)
 u - a wand of paralysis (7)
 G - a wand of flame (11)
Scrolls
 k - 8 scrolls of enchant weapon
 q - 6 scrolls of fog
 s - 4 scrolls of revelation
 v - 8 scrolls of enchant armour
 w - 12 scrolls of teleportation
 I - 17 scrolls of identify
 L - 2 scrolls of amnesia
 P - 4 scrolls of blinking
 T - 2 scrolls of fear
 X - 4 scrolls of poison
Potions
 d - 8 potions of might
 e - 4 potions of resistance
 f - 7 potions of cancellation
 g - 13 potions of curing
 i - 5 potions of heal wounds
 n - 9 potions of attraction
 p - 5 potions of lignification
 x - 2 potions of berserk rage
 z - 4 potions of mutation
 A - 5 potions of enlightenment
 B - 6 potions of haste
 E - 2 potions of brilliance
 H - 4 potions of magic
 K - 3 potions of invisibility
 N - a potion of ambrosia


   Skills:
 + Level 24.2(27) Fighting
 + Level 20.5(25.5) Axes
 + Level 20.6(25.6) Armour
 + Level 16.4(21.4) Dodging
 + Level 20.6(25.6) Shields
 - Level 4.6 Invocations


You had 20 spell levels left.
You didn't know any spells.
Your spell library contained the following spells:

 Spells                   Type           Power      Damage    Failure   Level
 Foxfire                  Conj/Fire      0%         2x1d4     86%         1
 Necrotise                Necr           0%         1d4       86%         1
 Slow                     Hex            0%         N/A       86%         1
 Blink                    Tloc           0%         N/A       94%         2
 Cigotuvi's Dreadful Rot  Necr/Pois/Air  0%         N/A       94%         2
 Static Discharge         Conj/Air       0%         2-2/arc   94%         2
 Confusing Touch          Hex            0%         N/A       99%         3
 Hailstorm                Conj/Ice       0%         3d3       99%         3
 Ignite Poison            Fire/Tmut/Pois 0%         N/A       99%         3
 Vampiric Draining        Necr           0%         2d6       99%         3
 Vhi's Electric Charge    Tloc/Air       0%         N/A       99%         3
 Airstrike                Air            0%         2d(0-16)  100%        4
 Anguish                  Hex/Necr       0%         N/A       100%        4
 Dispel Undead            Necr           0%         3d6       100%        4
 Manifold Assault         Tloc           0%         N/A       100%        4
 Passage of Golubria      Tloc           0%         N/A       100%        4
 Sticky Flame             Conj/Fire      0%         2d3       100%        4
 Agony                    Necr           0%         N/A       100%        5
 Alistair's Intoxication  Tmut/Pois      0%         N/A       100%        5
 Arcjolt                  Conj/Air       0%         1d10      100%        5
 Borgnjor's Vile Clutch   Necr/Erth      0%         N/A       100%        5
 Fireball                 Conj/Fire      0%         3d3       100%        5
 Iskenderun's Battlesphe  Conj           0%         2d6       100%        5
 Lee's Rapid Deconstruct  Erth           0%         3d4*      100%        5
 Silence                  Hex/Air        0%         N/A       100%        5
 Yara's Violent Unravell  Hex/Tmut       0%         3d3       100%        5
 Conjure Ball Lightning   Conj/Air       0%         3x3d6     100%        6
 Eringya's Noxious Bog    Tmut/Pois      0%         4d6       100%        6
 Plasma Beam              Fire/Air       0%         2x1d10    100%        6
 Starburst                Conj/Fire      0%         6d3       100%        6
 Orb of Destruction       Conj           0%         9d5       100%        7
 Ozocubu's Refrigeration  Ice            0%         4d7       100%        7
 Ignition                 Fire           0%         3d3       100%        8
 Lehudib's Crystal Spear  Conj/Erth      0%         10d2      100%        8
 Maxwell's Capacitive Co  Air            0%         ∞         100%        8
 Polar Vortex             Ice            0%         N/A       100%        9
 Summon Guardian Golem    Hex/Summ       Unusable   N/A       N/A         3
 Tukima's Dance           Hex            Unusable   N/A       N/A         3
 Animate Armour           Summ/Erth      Unusable   N/A       N/A         4
 Summon Ice Beast         Ice/Summ       Unusable   N/A       N/A         4
 Summon Lightning Spire   Summ/Air       Unusable   N/A       N/A         4
 Death Channel            Necr           Unusable   N/A       N/A         6
 Simulacrum               Ice/Necr       Unusable   N/A       N/A         6
 Spellforged Servitor     Conj/Summ      Unusable   N/A       N/A         7

Dungeon Overview and Level Annotations

Branches:
Dungeon (15/15)            Temple (1/1) D:5            Lair (5/5) D:10
  Swamp (4/4) Lair:2        Snake (4/4) Lair:3        Slime (0/5) Lair:5
    Orc (2/2) D:11            Elf (3/3) Orc:2        Vaults (3/5) D:13
  Crypt (0/3) Vaults:2     Depths (0/4) D:15          Sewer (visited)

Altars:
Ashenzari
Cheibriados
Dithmenos
Elyvilon
Fedhas
Gozag
Hepliaklqana
Kikubaaqudgha
Makhleb
Nemelex Xobeh
Okawaru
Qazlal
Ru
Sif Muna
Trog
Uskayaw
Vehumet
Wu Jian
Xom
Yredelemnul
Zin
The Shining One

Shops:
Orc:2 (?*:[   Elf:1 *   Snake:1 *(   Snake:2 !   Vaults:1 (   Vaults:2 *

Portals:
Trove: D:15 (give 8 potions of haste)

Annotations:
Swamp:1 2 transporters, exclusion: orange crystal statue


Innate Abilities, Weirdness & Mutations

You have a pair of horns on your head.
You reflexively headbutt those who attack you in melee.
You are dopey. (Int -2)
You occasionally shout uncontrollably at your foes.
You are vulnerable to cold. (rC-)


Message History

You slash the deep troll!
The deep troll looks as sick as possible!
You hit the ironbound convoker.
The ironbound convoker looks as sick as possible!
You slash the ironbound thunderhulk! The ironbound convoker misses you.
You furiously retaliate!
You headbutt the ironbound convoker. The great orb of eyes gazes at you.
Your mind is blasted!
* * * LOW HITPOINT WARNING * * *
The deep troll barely misses you. The deep troll misses you.
The deep troll barely misses you.
You block the ironbound thunderhulk's attack.
You feel much better. You block the deep troll's attack. x2
The deep troll claws you but does no damage.
The great orb of eyes gazes at you.
You feel your power leaking away.
The ironbound convoker casts a spell at the ironbound thunderhulk.
The ironbound thunderhulk seems to grow stronger.
The ironbound convoker attacks as you move away!
The ironbound convoker closely misses you.
The great orb of eyes gazes at you.
You are confused.
Items here: ))) [[[ †.
You kill the ironbound convoker!
Okawaru accepts your kill.
The ironbound thunderhulk completely misses you.
The great orb of eyes bites you but does no damage.
Things that are here:
a +0 troll leather armour; a deep troll corpse Strange energies crackle from the ironbound thunderhulk's apparatus.
The ironbound thunderhulk blinks!
You carve the great orb of eyes like a ham!!!
You kill the great orb of eyes!
Okawaru accepts your kill.
Electricity crackles from the ironbound thunderhulk's apparatus.
The bolt of lightning hits you but does no damage.
You bump into the stone wall.
Electricity crackles from the ironbound thunderhulk's apparatus.
The bolt of lightning hits you!!!
You die...

.....##......#####...####+###..#
.....#...............# ..#
....##...............# ..#
##..#................### ..#
.##'#.........(........#
.......................#
'#.))..................#
.###....##########....##
...#..).###..###@+....#
#..#....##....#[T#....#
..###...##....#)(#.....#
.[..#...#......).#......#
.#..#...#......O.+........
...###..##....#..#........
#....#..##....#..#........
###..#..###..###.#........
..####..###### ###


You could see an ironbound thunderhulk (strong) and a deep troll (very
poisoned).

Vanquished Creatures
  A bone dragon (Abyss:2)
  A tentacled monstrosity (Swamp:2)
  2 deep elf blademasters
  2 liches
  An acid blob (Lair:5)
  4 deep elf master archers (Elf:3)
  An Executioner (Abyss:2)
  6 tentacled starspawn
  A shadow dragon (Vaults:1)
  Donald (Swamp:2)
  Agnes (Snake:2)
  Roxanne (Elf:3)
  2 fenstrider witches (Swamp:4)
  2 frost giants (Vaults:1)
  A fire giant (Vaults:1)
  5 nagarajas (Snake:4)
  7 deep elf sorcerers
  Louise (Snake:2)
  13 vault wardens
  An orc warlord (Vaults:3)
  A very ugly thing (Vaults:1)
  A juggernaut zombie (Abyss:2)
  2 formless jellyfish (Vaults:3)
  11 ironbound preservers
  4 deep elf elementalists (Elf:3)
  A war gargoyle (Vaults:1)
  An ironbound thunderhulk (Vaults:1)
  6 deep elf demonologists (Elf:3)
  A stone giant (Vaults:1)
  5 eleionomae
  5 deep elf annihilators (Elf:3)
  14 dire elephants
  5 bunyips
  A white draconian (Abyss:3)
  Snorg (D:10)
  The ghost of Ucobeodgho the Fighter, a journeyman GrEE of Vehumet (Lair:5)
  A crystal guardian (Vaults:3)
  3 fire dragons (Swamp:4)
  9 deep elf death magi
  3 ettins (Vaults:1)
  An entropy weaver (shapeshifter) (D:14)
  3 great orbs of eyes
  3 deep elf high priests
  A rakshasa (Abyss:2)
  Erolcha (Orc:1)
  15 hydras
  14 vault guards
  2 yaktaur captains (Vaults:1)
  2 salamander tyrants (Snake:4)
  Fannar (Lair:1)
  A peacekeeper (Vaults:3)
  4 ironbound frosthearts (Vaults:2)
  5 anacondas
  An ogre mage (Vaults:1)
  8 alligators
  24 centaur warriors
  2 catoblepae
  10 naga warriors
  27 dancing weapons
  6 two-headed ogres
  9 shock serpents
  A vampire mage (Vaults:2)
  4 boulder beetles
  5 death yaks
  16 deep elf knights
  7 naga sharpshooters
  2 shadow wraiths (Abyss:3)
  A skyshark (Lair:5)
  3 wretched stars (Abyss:2)
  A spatial maelstrom (Abyss:3)
  Lodul (D:13)
  2 salamander mystics (Snake:4)
  10 goliath frogs
  16 deep trolls
  2 bog bodies (Swamp:1)
  2 fire crabs (Swamp:4)
  12 swamp dragons
  4 naga ritualists
  2 spriggan druids
  18 ironbound convokers
  13 deep elf archers
  9 lindwurms
  3 phantasmal warriors
  8 orc knights
  2 wizards (Vaults:3)
  4 necromancers
  36 deep elf pyromancers
  A tengu zombie (Vaults:2)
  12 mana vipers
  An oklob plant (Lair:4)
  18 deep elf zephyrmancers
  12 ugly things
  22 salamanders
  2 orc sorcerers
  3 wolf spiders (D:15)
  3 manticores
  3 will-o-the-wisps
  2 worldbinders (Abyss:2)
  6 cyclopes
  14 elephants
  8 vault sentinels
  2 apocalypse crabs (Abyss:2)
  12 naga magi
  A titan simulacrum (Abyss:2)
  30 black mambas
  An orange demon (Abyss:2)
  8 guardian serpents
  3 gargoyles
  12 cane toads
  7 smoke demons (Abyss:2)
  3 unseen horrors
  A torpor snail (Lair:5)
  Joseph (D:7)
  A rime drake (Lair:3)
  Psyche (D:10)
  2 freezing wraiths
  A yaktaur zombie (Vaults:2)
  14 yaktaurs
  5 kobold demonologists
  9 komodo dragons
  A minotaur skeleton (Abyss:2)
  4 ancient zymes (Abyss:3)
  7 tyrant leeches
  9 polar bears
  10 trolls
  8 hornets
  8 dream sheep (Lair:5)
  26 blink frogs
  6 raiju
  11 slime creatures
  3 raiju (shapeshifter)
  2 air elementals (Elf:3)
  3 flying skulls (Abyss:2)
  A spriggan (shapeshifter) (D:15)
  2 water elementals
  2 wraiths
  6 small abominations
  5 wyverns
  2 ynoxinuls (Abyss:2)
  47 yaks
  3 fire bats (Swamp:4)
  A golden eye (shapeshifter) (D:14)
  15 spriggans
  2 basilisks
  4 fire elementals
  11 starcursed masses
  A basilisk (shapeshifter) (Vaults:1)
  17 vampire mosquitoes
  16 humans (D:13)
  4 steam dragons
  5 golden eyes (Abyss:2)
  2 chaos spawn (Abyss:2)
  A neqoxec (Abyss:2)
  Menkaure (D:7)
  14 swamp worms
  A yaktaur simulacrum (Vaults:2)
  12 large abominations
  Edmund (D:4)
  6 wargs (Orc:2)
  31 nagas
  8 water moccasins
  4 acid dragons
  A floating eye (Vaults:1)
  33 orc warriors
  8 swamp drakes (Swamp:4)
  2 human zombies (Vaults:2)
  2 ice beasts
  A sky beast (D:7)
  3 black bears (Lair:5)
  14 ogres
  33 wolves
  A boggart (shapeshifter) (Elf:3)
  5 boggarts
  24 centaurs
  4 kobold brigands
  3 elf zombies (Elf:1)
  A scorpion (D:7)
  8 bullfrogs
  4 earth elementals
  11 wights
  4 killer bees (D:10)
  The ghost of tsouns the Magician, a weakling GnHW of Gozag (D:3)
  2 electric eels
  2 howler monkeys
  4 jellies
  A gnoll bouda (D:9)
  2 quasits (Abyss:2)
  Crazy Yiuf (D:7)
  3 iguanas
  5 hounds
  9 orc priests
  5 sleepcaps
  16 orc wizards
  12 gnolls
  10 adders
  3 river rats
  2 shadow imps
  3 white imps
  2 ufetubi (Abyss:2)
  4 worms
  4 dart slugs
  73 orcs
  15 endoplasms
  9 giant cockroaches
  7 goblins
  7 hobgoblins (D:1)
  A quokka (D:1)
  13 ball pythons
  4 bats
  15 kobolds
  11 rats
  2 spectral weapons (Elf:3)
  4 starspawn tentacles (Abyss:2)
1412 creatures vanquished.

Vanquished Creatures (others)
  A deep elf knight (Elf:1)
  A deep elf pyromancer (Elf:2)
  A raiju (Abyss:2)
  Sigmund (D:5)
  3 swamp drakes (Swamp:4)
  A small abomination (Abyss:2)
  A quasit (Abyss:2)
  6 foxfires
  9 starspawn tentacles
24 creatures vanquished.

Grand Total: 1436 creatures vanquished

Notes
Turn   | Place    | Note
-------+----------+-------------------------------------------
     0 | D:1      | vineage the Minotaur Fighter began the quest for the Orb.
     0 | D:1      | Reached XP level 1. HP: 19/19 MP: 0/0
   244 | D:1      | Reached XP level 2. HP: 27/27 MP: 1/1
   741 | D:1      | Reached skill level 4 in Fighting
   891 | D:2      | Reached XP level 3. HP: 26/33 MP: 2/2
  1231 | D:2      | Reached XP level 4. HP: 40/40 MP: 3/3
  1591 | D:3      | Found a glowing drain.
  1628 | Sewer    | Entered a sewer
  1735 | Sewer    | Reached XP level 5. HP: 47/47 MP: 4/4
  1798 | Sewer    | Found a viscous altar of Jiyva.
  2049 | D:3      | Found a runed translucent door.
  2049 | D:3      | Noticed tsouns's ghost (weakling GnHW)
  2069 | D:3      | Found a faded altar of an unknown god.
  2109 | D:3      | Reached skill level 5 in Shields
  2552 | D:3      | Noticed an ogre
  2557 | D:3      | Killed an ogre
  2558 | D:3      | Reached skill level 5 in Fighting
  2558 | D:3      | Reached skill level 5 in Armour
  2558 | D:3      | Reached XP level 6. HP: 50/56 MP: 5/5
  2670 | D:3      | Killed tsouns's ghost
  2940 | D:4      | Noticed Edmund
  3107 | D:4      | Reached skill level 5 in Axes
  3173 | D:4      | Reached skill level 15 in Fighting
  3173 | D:4      | Reached XP level 7. HP: 83/83 MP: 6/6
  3405 | D:4      | Killed Edmund
  3406 | D:4      | Reached XP level 8. HP: 43/91 MP: 7/7
  3550 | D:5      | Entered Level 5 of the Dungeon
  3667 | D:5      | Noticed a moth of wrath
  3671 | D:5      | Found a bloodstained altar of Trog.
  3796 | D:5      | Noticed Sigmund
  3822 | D:5      | Killed Sigmund
  4086 | D:5      | Killed an unseen horror
  4218 | D:5      | Identified the +9 rapier of Superiority {speed, rC++ Dex-3}
  4347 | D:5      | Found a staircase to the Ecumenical Temple.
  4423 | D:5      | Found a hazy altar of Hepliaklqana.
  4423 | D:5      | Found a sacrificial altar of Ru.
  4692 | D:6      | Reached XP level 9. HP: 97/97 MP: 8/8
  4750 | D:6      | Identified the +8 ring mail of Panentheism {rF+ Dex+2}
  5071 | Temple   | Entered the Ecumenical Temple
  5102 | Temple   | Became a worshipper of Warmaster Okawaru
  5342 | D:7      | Noticed Menkaure
  5354 | D:7      | Killed Menkaure
  5426 | D:7      | Noticed Joseph
  5435 | D:7      | Killed Joseph
  5435 | D:7      | Reached * piety under Okawaru
  5638 | D:7      | Found a runed translucent door.
  5639 | D:7      | Noticed Crazy Yiuf
  5852 | D:7      | Identified the +4 trident of the Feeding Whale {vamp,
                  | Int+4}
  6477 | D:7      | Killed Crazy Yiuf
  6549 | D:8      | Identified the +2 ring mail "Fox Hec" {Dex+3}
  6706 | D:8      | Reached skill level 1 in Invocations
  6718 | D:8      | Reached ** piety under Okawaru
  7350 | D:9      | Reached XP level 10. HP: 100/107 MP: 8/10
  7568 | D:9      | Found a broken altar of Ashenzari.
  7841 | D:9      | Reached skill level 16 in Fighting
  7934 | D:9      | Reached *** piety under Okawaru
  7969 | D:10     | Entered Level 10 of the Dungeon
  8099 | D:10     | Noticed a gargoyle
  8109 | D:10     | Killed a gargoyle
  8205 | D:10     | Noticed a two-headed ogre
  8210 | D:10     | Killed a two-headed ogre
  8247 | D:10     | Reached **** piety under Okawaru
  8251 | D:10     | Noticed Psyche
  8282 | D:10     | Killed Psyche
  8282 | D:10     | Received a gift from Okawaru
  8581 | D:10     | Reached XP level 11. HP: 70/114 MP: 13/13
  8907 | D:10     | Found a staircase to the Lair.
  9059 | D:10     | HP: 1/115 [acid dragon/splash of acid (33)]
  9427 | D:10     | Reached ***** piety under Okawaru
  9585 | D:11     | Noticed Snorg
  9605 | D:10     | Killed Snorg
  9954 | D:11     | Noticed a two-headed ogre
 10246 | D:10     | Killed a two-headed ogre
 10246 | D:10     | Identified the +0 ring mail "Uheu" {Dex+2} (Okawaru gifted
                  | it to you on level 10 of the Dungeon)
 10246 | D:10     | Received a gift from Okawaru
 10521 | D:10     | Reached skill level 17 in Fighting
 10827 | D:11     | Found a staircase to the Orcish Mines.
 11088 | Lair:1   | Entered Level 1 of the Lair of Beasts
 11099 | Lair:1   | Reached skill level 10 in Shields
 11114 | Lair:1   | Reached skill level 10 in Armour
 11249 | Lair:1   | Reached XP level 12. HP: 118/125 MP: 14/14
 11335 | Lair:1   | Reached skill level 10 in Axes
 11371 | Lair:1   | Noticed Fannar
 11389 | Lair:1   | Killed Fannar
 12251 | Lair:2   | Received a gift from Okawaru
 12285 | Lair:2   | Noticed a six-headed hydra
 12295 | Lair:2   | Killed a 14-headed hydra
 12635 | Lair:2   | Found a staircase to the Swamp.
 12878 | Lair:3   | Found a staircase to the Snake Pit.
 13272 | Lair:3   | Reached skill level 18 in Fighting
 13602 | Lair:4   | Reached XP level 13. HP: 130/134 MP: 15/15
 13610 | Lair:4   | Reached skill level 1 in Dodging
 13711 | Lair:4   | Identified the +0 kite shield of Dogma {rPois Str+4 Dex+3}
                  | (Okawaru gifted it to you on level 4 of the Lair of Beasts)
 13711 | Lair:4   | Received a gift from Okawaru
 14619 | Lair:5   | Entered Level 5 of the Lair of Beasts
 14932 | Lair:5   | Received a gift from Okawaru
 15036 | Lair:5   | Noticed Ucobeodgho's ghost (journeyman GrEE)
 15112 | Lair:5   | Found a runed translucent door.
 15208 | Lair:5   | Reached skill level 5 in Dodging
 15258 | Lair:5   | Found a transporter.
 15276 | Lair:5   | Noticed an acid blob
 15290 | Lair:5   | Found a transporter.
 15363 | Lair:5   | Reached XP level 14. HP: 135/144 MP: 14/16
 15438 | Lair:5   | Identified the +3 ring mail of Circular Logic {-Cast rPois
                  | rC- Regen+} (Okawaru gifted it to you on level 5 of the
                  | Lair of Beasts)
 15438 | Lair:5   | Received a gift from Okawaru
 15720 | Lair:5   | Reached skill level 19 in Fighting
 16058 | Lair:5   | Found a staircase to the Slime Pits.
 16068 | Lair:5   | Killed an acid blob
 16135 | Lair:5   | Killed Ucobeodgho's ghost
 16403 | Orc:1    | Entered Level 1 of the Orcish Mines
 16403 | Orc:1    | Noticed Erolcha
 16415 | Orc:1    | Killed Erolcha
 16704 | Orc:2    | Entered Level 2 of the Orcish Mines
 16727 | Orc:2    | Found a staircase to the Elven Halls.
 16743 | Orc:2    | Found Qiozor Nug's Weapon Emporium.
 16768 | Orc:2    | Found a flickering gateway to a bazaar.
 16779 | Bazaar   | Entered a bazaar
 16784 | Bazaar   | Found Oron Kur's Jewellery Shop.
 16797 | Bazaar   | Found Timoc's Book Shop.
 17224 | Orc:2    | Received a gift from Okawaru
 17252 | Orc:2    | Found Ilimn's Book Emporium.
 17252 | Orc:2    | Found Noytzargh's General Store.
 17283 | Orc:2    | Found Acuatet's Magic Scroll Shop.
 17285 | Orc:2    | Found Nahutaph's Armour Shoppe.
 18247 | D:13     | Noticed Lodul
 18287 | D:13     | Received a gift from Okawaru
 18288 | D:13     | Reached XP level 15. HP: 124/154 MP: 17/17
 18300 | D:13     | Killed Lodul
 18560 | D:13     | Found a gate to the Vaults.
 18927 | D:14     | Reached ****** piety under Okawaru
 19218 | D:14     | Identified the +4 flail of Vengeance {freeze, rF- Str+4
                  | Dex+7 Stlth+}
 19523 | D:15     | Entered Level 15 of the Dungeon
 19561 | D:15     | Received a gift from Okawaru
 19638 | D:15     | Reached skill level 20 in Fighting
 19695 | D:15     | Found a shadowy altar of Dithmenos.
 19937 | D:15     | Found a portal to a secret trove of treasure.
 20094 | D:15     | Found a staircase to the Depths.
 20508 | Elf:1    | Entered Level 1 of the Elven Halls
 20574 | Elf:1    | Found Qibiceap's General Store.
 20594 | Elf:1    | Reached skill level 15 in Armour
 20598 | Elf:1    | Reached skill level 15 in Shields
 20601 | Elf:1    | Bought a scroll of enchant weapon for 90 gold pieces
 20601 | Elf:1    | Bought a potion of haste for 120 gold pieces
 20654 | Elf:1    | Identified the +1 buckler of Okawaru's Whim {rElec Str+3
                  | Int+2 Dex+3} (Okawaru gifted it to you on level 1 of the
                  | Elven Halls)
 20654 | Elf:1    | Received a gift from Okawaru
 20685 | Elf:1    | Reached skill level 15 in Axes
 21174 | Elf:1    | Got the Quarto of Zombies
 21547 | Snake:1  | Entered Level 1 of the Snake Pit
 21709 | Snake:1  | Reached XP level 16. HP: 150/151 MP: 18/18
 21797 | Snake:1  | Found Ytuziogorr's Weapon Shoppe.
 21804 | Snake:1  | Found Uchis's Assorted Antiques.
 21810 | Snake:1  | Bought a potion of haste for 300 gold pieces
 21810 | Snake:1  | Bought a scroll of teleportation for 90 gold pieces
 22365 | Snake:2  | Identified the +3 mace "Deaf" {freeze, Int+8}
 22373 | Snake:2  | Reached skill level 10 in Dodging
 22496 | Snake:2  | Noticed Agnes
 22527 | Abyss:2  | Cast into level 2 of the Abyss (Agnes)
 22591 | Abyss:2  | Noticed a tentacled starspawn
 22598 | Abyss:2  | Killed a tentacled starspawn
 22793 | Abyss:2  | Identified the +4 war axe "Minotaur's Regret" {pain, *Rage
                  | rPois rF- Str+8} (Okawaru gifted it to you on level 2 of
                  | the Abyss)
 22793 | Abyss:2  | Received a gift from Okawaru
 22946 | Abyss:2  | Noticed a tentacled starspawn
 22954 | Abyss:2  | Killed a tentacled starspawn
 23002 | Abyss:2  | Noticed a bone dragon
 23025 | Abyss:2  | Killed a bone dragon
 23028 | Abyss:2  | Noticed a bone dragon
 23032 | Snake:2  | Escaped the Abyss
 23041 | Snake:2  | Killed Agnes
 23131 | Snake:2  | Found Wupaus's Distillery.
 23148 | Snake:2  | Bought a potion of curing for 57 gold pieces
 23148 | Snake:2  | Bought a potion of curing for 57 gold pieces
 23148 | Snake:2  | Bought a potion of heal wounds for 95 gold pieces
 23148 | Snake:2  | Bought a potion of mutation for 152 gold pieces
 23148 | Snake:2  | Bought a potion of mutation for 152 gold pieces
 23295 | Snake:2  | Noticed Louise
 23304 | Snake:2  | Killed Louise
 23658 | Snake:3  | Received a gift from Okawaru
 23727 | Snake:3  | Identified the +2 robe "Xoceang" {Str+3}
 23836 | Snake:3  | Found a shimmering altar of Xom.
 23846 | Snake:3  | Reached skill level 21 in Fighting
 24566 | Snake:4  | Entered Level 4 of the Snake Pit
 24937 | Snake:4  | Received a gift from Okawaru
 24994 | Snake:4  | Reached XP level 17. HP: 150/173 MP: 19/19
 25787 | Snake:4  | Got a serpentine rune of Zot
 26488 | Snake:4  | Received a gift from Okawaru
 26626 | Swamp:1  | Entered Level 1 of the Swamp
 27246 | Swamp:1  | Noticed a tentacled monstrosity
 27250 | Swamp:1  | Found a transporter.
 27386 | Swamp:1  | Identified the +0 leather armour "Ceent" {*Slow rF+ Regen+
                  | rCorr}
 27469 | Swamp:1  | Found a transporter.
 27828 | Swamp:2  | Noticed a tentacled monstrosity
 28142 | Swamp:2  | Killed a tentacled monstrosity
 28338 | Swamp:2  | Received a gift from Okawaru
 28538 | Swamp:2  | Identified the ring of Gulosuyb {Str+6 Dex+3}
 28967 | Swamp:3  | Noticed Donald
 29007 | Swamp:2  | Killed Donald
 29489 | Swamp:4  | Entered Level 4 of the Swamp
 29584 | Swamp:4  | Reached XP level 18. HP: 140/184 MP: 18/20
 29608 | Swamp:4  | Received a gift from Okawaru
 29609 | Swamp:4  | Reached skill level 22 in Fighting
 29927 | Swamp:4  | Paralysed by a fenstrider witch for 4 turns
 30441 | Swamp:4  | Got a decaying rune of Zot
 30826 | Elf:2    | Identified the +1 robe of Cocytus {Rampage Will+}
 30954 | Elf:2    | Received a gift from Okawaru
 31109 | Elf:2    | Found a runed translucent gate.
 31110 | Elf:2    | Found a runed translucent gate.
 31113 | Elf:2    | Found a runed translucent gate.
 32252 | Elf:3    | Entered Level 3 of the Elven Halls
 32256 | Elf:3    | Noticed a Hell Sentinel
 32720 | Elf:3    | Received a gift from Okawaru
 32973 | Elf:3    | Noticed Roxanne
 32996 | Elf:3    | Killed Roxanne
 33089 | Elf:3    | Paralysed by an air elemental for 1 turns
 33093 | Elf:3    | Paralysed by an air elemental for 1 turns
 33436 | Elf:3    | Identified the +10 mace "Seser" {heavy, rCorr}
 33436 | Elf:3    | Identified the ring of the Tarantula {+Blink rCorr Int+6
                  | Dex-5 Slay+5}
 33481 | Elf:3    | Identified the +8 battleaxe of Uncomfortable Rashes
                  | {antimagic, Fly Str+2}
 33515 | Elf:3    | Reached XP level 19. HP: 193/193 MP: 21/21
 33542 | Elf:3    | Received a gift from Okawaru
 33542 | Elf:3    | Found the +7 Kryia's mail coat {PotionHeal*2 rC+}
 33686 | Elf:3    | Identified the +4 battleaxe "Ehouc" {pain, rC+ rN+ MP-9
                  | SInv}
 33854 | Abyss:2  | Cast into level 2 of the Abyss (a deep elf sorcerer)
 34241 | Abyss:2  | Paralysed by accursed screaming for 1 turns
 34248 | Abyss:2  | Paralysed by accursed screaming for 1 turns
 34485 | Abyss:3  | Found a corrupted altar of Lugonu.
 34494 | Abyss:3  | Found a corrupted altar of Lugonu.
 34772 | Elf:3    | Escaped the Abyss
 34821 | Elf:3    | HP: 8/193 [deep elf master archer/arrow (10)]
 34823 | Elf:3    | Reached skill level 23 in Fighting
 34969 | Elf:3    | Identified the amulet of Xom's Sleight of Hands {rC+
                  | Regen+}
 35163 | Elf:3    | Paralysed by a deep elf pyromancer for 3 turns
 35165 | Abyss:3  | Found a corrupted altar of Lugonu.
 35165 | Abyss:3  | Cast into level 3 of the Abyss (a deep elf sorcerer)
 35325 | Elf:3    | Escaped the Abyss
 35344 | Elf:3    | Noticed a Tzitzimitl
 35357 | Elf:3    | Noticed a Brimstone Fiend
 35789 | Elf:3    | Paralysed by an air elemental for 1 turns
 35946 | Elf:3    | Identified the +2 ring mail of Ikusoczoehe {rC+ Stlth+}
 36293 | Elf:3    | Identified the +4 sling "Jerchaz" {heavy, *Corrode Int+6}
 36689 | Vaults:1 | Entered Level 1 of the Vaults
 36782 | Vaults:1 | Gained mutation: You occasionally shout uncontrollably at
                  | your foes. [mutagenic glow]
 36786 | Vaults:1 | Identified the +7 gold dragon scales of Benevolence {rPois
                  | rF+ rC+ Str+2 Dex+5} (Okawaru gifted it to you on level 1
                  | of the Vaults)
 36786 | Vaults:1 | Received a gift from Okawaru
 36802 | Vaults:1 | Reached skill level 15 in Dodging
 36806 | Vaults:1 | Gained mutation: You are vulnerable to cold. (rC-)
                  | [mutagenic glow]
 36836 | Vaults:1 | Gained mutation: You are dopey. (Int -2) [mutagenic glow]
 37063 | Vaults:1 | Reached XP level 20. HP: 192/204 MP: 22/22
 37151 | Vaults:1 | Identified the ring of Meowaex {+Blink Fly Str+4 SInv}
 37460 | Vaults:1 | Found His Ili's Weapon Boutique.
 37576 | Vaults:1 | Identified the +11 hand axe of Autumn {flame, Int+4 Dex-5
                  | SInv} (Okawaru gifted it to you on level 1 of the Vaults)
 37576 | Vaults:1 | Received a gift from Okawaru
 38408 | Vaults:2 | Found Opinoyr's Assorted Antiques.
 38415 | Vaults:2 | Bought a potion of heal wounds for 165 gold pieces
 38415 | Vaults:2 | Bought a scroll of teleportation for 99 gold pieces
 38666 | Vaults:2 | Received a gift from Okawaru
 39231 | Vaults:2 | Reached skill level 24 in Fighting
 39327 | Vaults:2 | Found a staircase to the Crypt.
 39737 | Vaults:3 | Received a gift from Okawaru
 39983 | Vaults:3 | Reached XP level 21. HP: 116/214 MP: 23/23
 39988 | Vaults:3 | Received a gift from Okawaru
 40002 | Vaults:3 | HP: 8/214 [disintegration (27)]
 40009 | Vaults:3 | Killed from afar by an ironbound thunderhulk

Illustrated notes

Levels and vault maps discovered:
D:1:      tarquinn_simple_flora_water_f, layout_basic
D:2:      layout_rooms, nicolae_the_louvre
D:3:      layout_basic, portal_sewer_entry_c,
          hellmonk_ecumenical_altar_pennies_from_heaven,
          hellmonk_ghost_happy_afterlife, minmay_misc_feat_cross
D:4:      wander_river, layout_rooms, uniq_edmund
D:5:      layout_loops_ring, tgw_trog, nicolae_overflow_two_pavilions,
          minmay_temple_entry_gardened_gates, uniq_sigmund
D:6:      layout_rooms
D:7:      nicolae_cairo_tiling_large, layout_layer_cave, enter_bailey_7,
          uniq_menkaure, uniq_crazy_yiuf_cottage, uniq_joseph
D:8:      layout_basic
D:9:      layout_irregular_city, nicolae_ashenzari_skybound
D:10:     layout_small_grid, erik_lair_dragon, minmay_quadrilaterals,
          uniq_psyche
D:11:     layout_rooms, erik_orc_2, uniq_snorg
D:12:     layout_irregular_city
D:13:     layout_rooms, david_vaults_3, uniq_lodul
D:14:     layout_loops_ring
D:15:     hangedman_depths_entry_try_elsewhere_first, layout_irregular_city,
          grunt_dithmenos_smoke, enter_trove_3
Temple:   dpeg_five_rooms_temple
Lair:1:   layout_loops_ring, uniq_fannar
Lair:2:   layout_roguey, minmay_swamp_entry_swarm
Lair:3:   layout_chaotic_city, guppyfry_snake_entry_garden
Lair:4:   layout_regular_city
Lair:5:   minmay_lair_end_enchanted_forest, layout_regular_city, slime_entry_2,
          gammafunk_ghost_arena, minivault_26, cheibrodos_lair_lostbears,
          lemuel_fruit_fields
Swamp:1:  gammafunk_sealed_arena, layout_basic_swamp, serial_swamp_ruin,
          evilmike_swamp_ruin_house_2, evilmike_swamp_ruin_house_1,
          infiniplex_staircase_pool
Swamp:2:  layout_basic_swamp, nicolae_swamp_fairy_circle,
          nicolae_swamp_some_circles
Swamp:3:  layout_falls_marsh, evilmike_swamp_ruin_house_3, uniq_donald
Swamp:4:  swamp_fiery, layout_basic_swamp
Snake:1:  layout_gridlike, minmay_shoptagon
Snake:2:  layout_onion_interference, serial_bayou_shore_b, minmay_shop_star,
          grunt_megastairs_4, uniq_agnes, uniq_louise
Snake:3:  layout_onion, basic_altar, grunt_ministairs_6,
          nicolae_coiled_stairwell_up
Snake:4:  snake_pit_salamanders_mu, layout_misc_corridors, grunt_ministairs_10
Orc:1:    layout_caves, uniq_erolcha
Orc:2:    st_orc_rangers, layout_diamond_mine, serial_shops, bzr_entry_islet,
          nicolae_shop_real_fake_doors, mines5_lemuel
Elf:1:    hangedman_cross_veins, layout_rooms,
          portal_desolation_entry_nicolae_slug, serial_shops, shop,
          minmay_elf_necromancy
Elf:2:    elven_hall_of_blades_hangedman_original
          [nicolae_blade_entry_antechamber], layout_geoelf_grid
Elf:3:    minmay_elf_hall_quartered_circle, layout_geoelf_diagonals,
          st_stairs_1, grunt_megastairs_2, uniq_roxanne
Vaults:1: hangedman_vaults_unwind, st_greater_box_4, nicolae_vaults_apartment_2,
          vaults_dpeg_cross, v_misc_9, vaults_mumra_minichess_inversion,
          hangedman_vaults_slice, vaults_room_pool,
          nicolae_vaults_disjoint_gnomons, nicolae_vaults_closet_pinwheel_6,
          grunt_vaults_hallway_short, v_alt_pattern_3, layout_vaults_omnibox,
          serial_shops, shop
Vaults:2: nicolae_vaults_little_squares_3, nicolae_vaults_circle_grid_a,
          grunt_vaults_hallway_long, nicolae_vaults_wrenched, vaults_room_fours,
          nicolae_vaults_ring_of_whatevers, v_pattern_4,
          minmay_crypt_entry_simple_statues, nicolae_vaults_specimen_jars,
          vaults_room_pools, grunt_vaults_funnel, ontoclasm_vaults_eye,
          ontoclasm_vaults_loading_screen, dpeg_vaults_monster_box,
          layout_vaults_omnicross, serial_shops,
          nicolae_shop_pleasant_corner_grove
Vaults:3: nicolae_vaults_sesquioval_fish, nicolae_vaults_tetromino_L_1,
          ontoclasm_vaults_misaligned, nicolae_vaults_offset_grid_hallway_4,
          nicolae_vaults_trapezoid_2, v_rooms_5, vaults_mumra_hex,
          ontoclasm_vaults_spin, nicolae_vaults_tetromino_T_1,
          nicolae_vaults_little_ls, vaults_room_large_hall,
          nicolae_vaults_diamond_1, vaults_dpeg_diagonal, layout_vaults_omnigrid

Skill      XL: |  1  2  3  4  5  6  7  8  9 10 11 12 13 14 15 16 17 18 19 20 |
---------------+-------------------------------------------------------------+-----
Armour         | 4 5 6 7 8 10 11 12 14 15 16 17 18 19 20 | 20.6
Shields        | 4 5 6 7 8 10 11 13 14 15 16 17 18 19 20 | 20.6
Fighting       | 4 5 15 16 17 18 19 20 21 22 23 24 | 24.2
Axes           | 3 4 5 7 9 11 12 14 15 16 17 18 19 20 | 20.5
Invocations    | 1 4 |  4.6
Dodging        | 5 7 9 11 12 14 15 16 | 16.4

Action                     |  1- 3 |  4- 6 |  7- 9 | 10-12 | 13-15 | 16-18 | 19-21 || total
---------------------------+-------+-------+-------+-------+-------+-------+-------++-------
  Melee: War axe           |    95 |   150 |   230 |   575 |   841 |       |       ||  1891
         Headbutt          |     7 |    21 |    49 |   143 |   360 |   418 |   314 ||  1312
         Broad axe         |       |       |       |       |   404 |  1543 |   897 ||  2844
 Invoke: Heroism           |       |       |       |     2 |    17 |    18 |     7 ||    44
    Use: Scroll            |       |    14 |     5 |     6 |     8 |     3 |     6 ||    42
         Potion            |       |     2 |     2 |     2 |       |     3 |     7 ||    16
   Stab: Sleeping          |       |       |       |       |     2 |     5 |       ||     7
         Distracted        |       |       |       |       |       |     3 |     4 ||     7
         Confused          |       |       |       |       |       |     3 |       ||     3
         Fleeing           |       |       |       |       |       |     1 |       ||     1
 Armour: Scale mail        |     7 |       |    96 |       |       |       |    36 ||   139
         Plate armour      |    70 |    74 |     2 |       |       |       |       ||   146
         Ring mail         |       |       |    59 |   326 |   434 |   414 |    60 ||  1293
         Gold dragon scale |       |       |       |       |       |       |   162 ||   162
  Dodge: Dodged            |    22 |    40 |   106 |   275 |   635 |   845 |   337 ||  2260
  Block: Buckler           |    20 |    41 |    74 |   254 |     5 |       |       ||   394
         Kite shield       |       |       |       |       |   955 |  1207 |   532 ||  2694
         Reflection        |       |       |       |       |       |    48 |     4 ||    52

Table legend: (Time is in decaauts)
 A = Elapsed time spent in this place.
 B = Non-inter-level travel time spent in this place.
 C = Inter-level travel time spent in this place.
 D = Time resting spent in this place.
 E = Time spent auto-exploring this place.
 F = Levels seen in this place.
 G = Mean time per level.
                   A        B        C        D        E       F      G
               +--------+--------+--------+--------+--------+-----+--------+
         Total |  39782 |  37124 |   2658 |   5999 |  22794 |  43 |  925.2 |
       Dungeon |  14366 |  13094 |   1272 |   1704 |   8925 |  15 |  957.7 |
        Temple |     60 |      1 |     59 |      0 |      0 |   1 |   60.0 |
          Lair |   5737 |   5339 |    398 |    399 |   3775 |   5 | 1147.4 |
         Swamp |   3571 |   3330 |    241 |    502 |   2076 |   4 |  892.8 |
     Snake Pit |   4437 |   4244 |    193 |    475 |   2937 |   4 | 1109.2 |
  Orcish Mines |   1131 |    891 |    240 |      0 |    569 |   2 |  565.5 |
   Elven Halls |   5436 |   5195 |    241 |   2160 |   2031 |   3 | 1812.0 |
        Vaults |   3162 |   3151 |     11 |    233 |   2231 |   3 | 1054.0 |
         Abyss |   1522 |   1522 |      0 |    525 |     59 |   4 |  380.5 |
        Bazaar |     70 |     70 |      0 |      0 |     41 |   1 |   70.0 |
         Sewer |    286 |    286 |      0 |      0 |    149 |   1 |  286.0 |
               +--------+--------+--------+--------+--------+-----+--------+

Top non-repeatable levels by time:
   Elf:3: 2839 daAuts
    D:10: 2744 daAuts
 Snake:4: 1913 daAuts
   Elf:2: 1757 daAuts
  Lair:5: 1537 daAuts
     D:7: 1377 daAuts
  Lair:2: 1336 daAuts
Vaults:1: 1328 daAuts
 Swamp:1: 1226 daAuts
Vaults:2: 1220 daAuts
  Lair:4: 1111 daAuts
     D:5: 1104 daAuts
     D:3: 1097 daAuts
 Abyss:2: 1091 daAuts
 Swamp:4: 1027 daAuts
